PUBAA
ROME MAELSTROM @ TERRY'S BATS
05/14/1972
 
TOP OF THE 1ST
Rome Maelstrom batting - Pitching for Terry's Bats : LHP Anastasio Acosta
Pitching: LHP Anastasio Acosta
Batting: SHB Ron Cook 0-0: Ball
1-0: Foul Ball, location: 3FF
1-1: Ball
2-1: Ball
3-1: Fly out, F9 (Line Drive, 89M, EV 86.9 MPH)
Batting: RHB Todd Welch 0-0: Foul Ball, location: 3SF
0-1: Ball
1-1: Ball
2-1: Ball
3-1: Foul Ball, location: 2F
3-2: Base on Balls
Batting: RHB Juan Santos 0-0: Called Strike
0-1: Ball
Wild Pitch!
Todd Welch to second
1-1: Swinging Strike
1-2: Foul Ball, location: 9LSF
1-2: Ball
2-2: Fly out, F9 (Flyball, 9, EV 95.0 MPH)
Runner from 2nd tags up, SAFE at 3rd with throw by RF
Batting: RHB Vicente García 0-0: Ball
1-0: Called Strike
1-1: Ball
2-1: Ball
3-1: Foul Ball, location: 5FF
3-2: Foul Ball, location: 9LDF
3-2: Foul Ball, location: 25FF
3-2: Base on Balls
Batting: RHB Cole Brooks 0-0: Ball
1-0: Foul Ball, location: 5FF
1-1: Ball
2-1: Foul Ball, location: 5DF
2-2: Strikes out swinging
Top of the 1st over - 0 runs, 0 hits, 0 errors, 2 left on base; Rome 0 - Terry's 0
BOTTOM OF THE 1ST
Terry's Bats batting - Pitching for Rome Maelstrom : LHP Jon Burnett
Pitching: LHP Jon Burnett
Batting: LHB Jim Davis 0-0: Hit by Pitch
Batting: LHB Dave Wilson 0-0: Fielders Choice at 2nd, 4-6 (Groundball, 4, EV 90.0 MPH)
Batting: LHB Sancho Deleón 0-0: Ball
1-0: Swinging Strike
1-1: Foul Ball, location: 25F
1-2: Ball
2-2: Foul Ball, location: 7LSF
2-2: Ball
3-2: Fielders Choice at 2nd, 1-6 (Groundball, 34S, EV 73.1 MPH)
Batting: RHB William Williams 0-0: Ball
1-0: Ball
2-0: Called Strike
2-1: DOUBLE (Line Drive, 3D, EV 95.0 MPH)
Sancho Deleón to third
Batting: LHB Sabeeh Abdul-Nasir 0-0: Ball
1-0: SINGLE (Flyball, 9S, EV 88.1 MPH)
Sancho Deleón scores
William Williams to third
Runner from 3rd tries for Home, SAFE, throw by RF to home
Batting: RHB Jon Compton 0-0: DOUBLE (Line Drive, 89D, EV 110.6 MPH)
Sabeeh Abdul-Nasir to third
Batting: RHB Ricardo Trujillo 0-0: Foul Ball, location: 9LDF
0-1: Ball
1-1: Ball
2-1: Fly out, F6 (Line Drive, 56, EV 63.8 MPH)
Bottom of the 1st over - 2 runs, 3 hits, 0 errors, 2 left on base; Rome 0 - Terry's 2
TOP OF THE 2ND
Rome Maelstrom batting - Pitching for Terry's Bats : LHP Anastasio Acosta
Batting: RHB Anastasio Gonzáles 0-0: Ball
1-0: Ground out 6-3 (Groundball, 6, EV 101.9 MPH)
Batting: SHB Rusty Torres 0-0: Ground out 5-3 (Groundball, 56, EV 81.3 MPH)
Batting: RHB Sakutaro Iwasaki 0-0: Ball
1-0: Called Strike
1-1: Ball
2-1: Ball
3-1: Base on Balls
Batting: RHB Jeremy Allen 0-0: Ball
1-0: Ball
2-0: SINGLE (Line Drive, 8RS, EV 105.0 MPH)
Sakutaro Iwasaki to second
Batting: SHB Ron Cook 0-0: Ball
1-0: Swinging Strike
1-1: Ball
2-1: Ball
3-1: Base on Balls
Sakutaro Iwasaki to third
Jeremy Allen to second
Batting: RHB Todd Welch 0-0: SINGLE (Groundball, 34S, EV 68.8 MPH) (infield hit)
Sakutaro Iwasaki scores
Jeremy Allen to third
Ron Cook to second
Batting: RHB Juan Santos 0-0: Hit by Pitch
Jeremy Allen scores
Ron Cook to third
Todd Welch to second
Batting: RHB Vicente García 0-0: GRAND SLAM HOME RUN (Flyball, 8RXD, EV 104.4 MPH), Distance : 409 ft
Batting: RHB Cole Brooks 0-0: Fly out, F4 (Popup, 34, EV 63.1 MPH)
Top of the 2nd over - 6 runs, 3 hits, 0 errors, 0 left on base; Rome 6 - Terry's 2
BOTTOM OF THE 2ND
Terry's Bats batting - Pitching for Rome Maelstrom : LHP Jon Burnett
Batting: SHB Darrel Chaney 0-0: Ball
1-0: Foul Ball, location: 2F
1-1: Foul Ball, location: 5F
1-2: Ball
2-2: Foul Ball, location: 2F
2-2: Strikes out swinging
Batting: RHB Ron Cey 0-0: Ball
1-0: Ball
2-0: Ball
3-0: Base on Balls
Batting: LHB Jim Davis 0-0: Ball
1-0: Foul Ball, location: 2F
1-1: Ball
2-1: Foul Ball, location: 7LMF
2-2: Ball
3-2: DOUBLE (Flyball, 78D, EV 104.4 MPH)
Ron Cey to third
Batting: LHB Dave Wilson 0-0: Called Strike
0-1: Ball
1-1: Foul Ball, location: 7LDF
1-2: Ball
2-2: Ball
3-2: Strikes out swinging
Batting: LHB Sancho Deleón 0-0: Ball
1-0: Ball
2-0: Ball
3-0: Called Strike
3-1: Foul Ball, location: 7LMF
3-2: Fly out, F8 (Flyball, 8RD, EV 84.4 MPH)
Bottom of the 2nd over - 0 runs, 1 hit, 0 errors, 2 left on base; Rome 6 - Terry's 2
TOP OF THE 3RD
Rome Maelstrom batting - Pitching for Terry's Bats : LHP Anastasio Acosta
Batting: RHB Anastasio Gonzáles 0-0: SOLO HOME RUN (Flyball, 78XD, EV 98.8 MPH), Distance : 403 ft
Batting: SHB Rusty Torres 0-0: Called Strike
0-1: Foul Ball, location: 2F
0-2: Hit by Pitch
Batting: RHB Sakutaro Iwasaki 0-0: Ball
1-0: Called Strike
1-1: Ball
2-1: Fly out, F9 (Flyball, 9D, EV 88.1 MPH)
Pitching: RHP Bill Williams
Batting: RHB Jeremy Allen 0-0: Foul Ball, location: 2F
0-1: Swinging Strike
0-2: Foul Ball, location: 23F
0-2: Foul Ball, location: 25F
0-2: Strikes out swinging
Batting: SHB Ron Cook 0-0: Called Strike
Rusty Torres steals 2nd, throwing error, E2
Rusty Torres to third
0-1: Swinging Strike
0-2: Ball
1-2: Fly out, F8 (Flyball, 8LS, EV 84.4 MPH)
Top of the 3rd over - 1 run, 1 hit, 1 error, 1 left on base; Rome 7 - Terry's 2
BOTTOM OF THE 3RD
Terry's Bats batting - Pitching for Rome Maelstrom : LHP Jon Burnett
Batting: RHB William Williams 0-0: Called Strike
0-1: Called Strike
0-2: Ball
1-2: Strikes out swinging
Batting: LHB Sabeeh Abdul-Nasir 0-0: Swinging Strike
0-1: Swinging Strike
0-2: Strikes out swinging
Batting: RHB Jon Compton 0-0: Called Strike
0-1: Called Strike
0-2: Ball
1-2: Ball
2-2: SINGLE (Groundball, 4MD, EV 105.6 MPH)
Batting: RHB Ricardo Trujillo 0-0: Ball
1-0: Fielders Choice at 2nd, 6-4 (Groundball, 6, EV 89.4 MPH)
Bottom of the 3rd over - 0 runs, 1 hit, 0 errors, 1 left on base; Rome 7 - Terry's 2
TOP OF THE 4TH
Rome Maelstrom batting - Pitching for Terry's Bats : RHP Bill Williams
Batting: RHB Todd Welch 0-0: Called Strike
0-1: Foul Ball, location: 7LDF
0-2: Ball
1-2: Ball
2-2: Strikes out swinging
Batting: RHB Juan Santos 0-0: SINGLE (Groundball, 6MD, EV 105.6 MPH)
Batting: RHB Vicente García 0-0: Ball
1-0: Swinging Strike
1-1: Called Strike
1-2: Ball
2-2: Foul Ball, location: 2F
2-2: Foul Ball, location: 3SF
2-2: Ball
3-2: Foul Ball, location: 2F
3-2: Foul Ball, location: 9LSF
3-2: Fly out, F9 (Flyball, 9S, EV 93.8 MPH)
Batting: RHB Cole Brooks 0-0: SINGLE (Groundball, 6MD, EV 95.0 MPH)
Juan Santos to second
Runner from 2nd tries for 3rd, SAFE, no throw by CF
Batting: RHB Anastasio Gonzáles 0-0: Ball
1-0: Called Strike
1-1: Foul Ball, location: 9LDF
1-2: Strikes out looking
Top of the 4th over - 0 runs, 2 hits, 0 errors, 2 left on base; Rome 7 - Terry's 2
BOTTOM OF THE 4TH
Terry's Bats batting - Pitching for Rome Maelstrom : LHP Jon Burnett
Batting: SHB Darrel Chaney 0-0: Ball
1-0: Ball
2-0: Foul Ball, location: 9LDF
2-1: Foul Ball, location: 2F
2-2: Strikes out looking
Batting: RHB Ron Cey 0-0: Foul Ball, location: 2F
0-1: SINGLE (Groundball, 6MD, EV 96.9 MPH)
Batting: LHB Jim Davis 0-0: Ball
1-0: Fly out, F5 (Popup, 56, EV 77.5 MPH)
Batting: LHB Dave Wilson 0-0: Ground out 1-3 (Groundball, 13S, EV 70.0 MPH)
Bottom of the 4th over - 0 runs, 1 hit, 0 errors, 1 left on base; Rome 7 - Terry's 2
TOP OF THE 5TH
Rome Maelstrom batting - Pitching for Terry's Bats : RHP Bill Williams
Batting: SHB Rusty Torres 0-0: Ball
1-0: DOUBLE (Line Drive, 89D, EV 102.5 MPH)
Batting: RHB Sakutaro Iwasaki 0-0: Foul Ball, location: 2F
0-1: Called Strike
0-2: Ball
1-2: Foul Ball, location: 3FF
1-2: DOUBLE (Line Drive, 89D, EV 99.4 MPH)
Rusty Torres scores
Batting: RHB Jeremy Allen 0-0: Called Strike
0-1: Ball
1-1: Fly out, F9 (Flyball, 9D, EV 93.8 MPH)
Runner from 2nd tags up, SAFE at 3rd, no throw by RF
Batting: SHB Ron Cook 0-0: Fly out, F7 (Flyball, 7LD, EV 101.9 MPH)
Runner from 3rd tags up, SCORES, no throw by LF
Batting: RHB Todd Welch 0-0: Ground out 6-3 (Groundball, 6, EV 78.8 MPH)
Top of the 5th over - 2 runs, 2 hits, 0 errors, 0 left on base; Rome 9 - Terry's 2
BOTTOM OF THE 5TH
Terry's Bats batting - Pitching for Rome Maelstrom : LHP Jon Burnett
Batting: LHB Sancho Deleón 0-0: Ball
1-0: Foul Ball, location: 23F
1-1: Ball
2-1: Swinging Strike
2-2: Strikes out swinging
Batting: RHB William Williams 0-0: Ball
1-0: Ball
2-0: Called Strike
2-1: Ground out 6-3 (Groundball, 6, EV 90.6 MPH)
Batting: LHB Sabeeh Abdul-Nasir 0-0: Ground out 4-3 (Groundball, 4, EV 102.5 MPH)
Bottom of the 5th over - 0 runs, 0 hits, 0 errors, 0 left on base; Rome 9 - Terry's 2
TOP OF THE 6TH
Rome Maelstrom batting - Pitching for Terry's Bats : RHP Bill Williams
Batting: RHB Juan Santos 0-0: Ball
1-0: Called Strike
1-1: Called Strike
1-2: Strikes out swinging
Batting: RHB Vicente García 0-0: Foul Ball, location: 2F
0-1: Foul Ball, location: 9LSF
0-2: Ball
1-2: Foul Ball, location: 9LMF
1-2: Ball
2-2: Ball
3-2: Fly out, F7 (Flyball, 78S, EV 86.9 MPH)
Batting: RHB Cole Brooks 0-0: Ball
1-0: Swinging Strike
1-1: Ball
2-1: Ground out 5-3 (Groundball, 56S, EV 74.4 MPH)
Top of the 6th over - 0 runs, 0 hits, 0 errors, 0 left on base; Rome 9 - Terry's 2
BOTTOM OF THE 6TH
Terry's Bats batting - Pitching for Rome Maelstrom : LHP Jon Burnett
Batting: RHB Jon Compton 0-0: Ball
1-0: Ground out 3-1 (Groundball, 34, EV 93.1 MPH)
Batting: RHB Ricardo Trujillo 0-0: Foul Ball, location: 5F
0-1: Swinging Strike
0-2: Ground out 6-3 (Groundball, 56, EV 83.1 MPH)
Batting: SHB Darrel Chaney 0-0: Called Strike
0-1: Ground out 1-3 (Groundball, 15, EV 73.1 MPH)
Bottom of the 6th over - 0 runs, 0 hits, 0 errors, 0 left on base; Rome 9 - Terry's 2
TOP OF THE 7TH
Rome Maelstrom batting - Pitching for Terry's Bats : RHP Bill Williams
Pinch Hitting: SHB Don Jones 0-0: Ball
1-0: Fly out, F8 (Flyball, 78M, EV 81.9 MPH)
Batting: SHB Rusty Torres 0-0: Hit by Pitch
Pinch Hitting: LHB George Wells 0-0: Called Strike
0-1: Foul Ball, location: 3SF
0-2: Strikes out swinging
Batting: RHB Jeremy Allen 0-0: Called Strike
0-1: Ball
1-1: Called Strike
1-2: Ball
2-2: Fly out, F9 (Line Drive, 9LM, EV 93.8 MPH)
Top of the 7th over - 0 runs, 0 hits, 0 errors, 1 left on base; Rome 9 - Terry's 2
BOTTOM OF THE 7TH
Terry's Bats batting - Pitching for Rome Maelstrom : LHP Jon Burnett
Now at 1B: Jeremy Gregory
Now in LF: George Wells
Now in RF: Rusty Torres
Batting: RHB Ron Cey 0-0: Ground out 3-1 (Groundball, 34, EV 82.5 MPH)
Batting: LHB Jim Davis 0-0: Called Strike
0-1: Ball
1-1: Ground out 4-3 (Groundball, 4, EV 106.9 MPH)
Batting: LHB Dave Wilson 0-0: Ball
1-0: Ball
2-0: Foul Ball, location: 2F
2-1: DOUBLE (Line Drive, 7LM, EV 96.3 MPH)
Batting: LHB Sancho Deleón 0-0: Ball
1-0: Called Strike
1-1: Foul Ball, location: 3F
1-2: Ball
2-2: Foul Ball, location: 25F
2-2: Ball
3-2: Fly out, F9 (Flyball, 89M, EV 96.3 MPH)
Bottom of the 7th over - 0 runs, 1 hit, 0 errors, 1 left on base; Rome 9 - Terry's 2
TOP OF THE 8TH
Rome Maelstrom batting - Pitching for Terry's Bats : RHP Bill Williams
Batting: SHB Ron Cook 0-0: Foul Ball, location: 7LDF
0-1: SINGLE (Line Drive, 6D, EV 96.3 MPH)
Pitching: RHP Walter Howard
Batting: RHB Todd Welch 0-0: Grounds into double play, 4-6-3 (Groundball, 4M, EV 98.1 MPH)
Batting: RHB Juan Santos 0-0: Called Strike
0-1: Ball
1-1: Ball
2-1: SINGLE (Flyball, 4D, EV 95.6 MPH)
Batting: RHB Vicente García 0-0: Ball
1-0: Foul Ball, location: 9LMF
1-1: Fielders Choice at 2nd, 5-4 (Groundball, 56, EV 90.0 MPH)
Top of the 8th over - 0 runs, 2 hits, 0 errors, 1 left on base; Rome 9 - Terry's 2
BOTTOM OF THE 8TH
Terry's Bats batting - Pitching for Rome Maelstrom : LHP Jon Burnett
Batting: RHB William Williams 0-0: Ball
1-0: Called Strike
1-1: Ball
2-1: SOLO HOME RUN (Flyball, 7D, EV 94.4 MPH), Distance : 366 ft
Batting: LHB Sabeeh Abdul-Nasir 0-0: Foul Ball, location: 25FF
0-1: Foul Ball, location: 2F
0-2: Fly out, F8 (Flyball, 8RD, EV 90.0 MPH)
Batting: RHB Jon Compton 0-0: Fly out, F6 (Popup, 6MS, EV 70.6 MPH)
Batting: RHB Ricardo Trujillo 0-0: Ball
1-0: Ball
2-0: Ball
3-0: Base on Balls
Batting: SHB Darrel Chaney 0-0: Swinging Strike
0-1: Ball
1-1: Foul Ball, location: 5F
1-2: Ball
2-2: Strikes out swinging
Bottom of the 8th over - 1 run, 1 hit, 0 errors, 1 left on base; Rome 9 - Terry's 3
TOP OF THE 9TH
Rome Maelstrom batting - Pitching for Terry's Bats : RHP Walter Howard
Batting: RHB Cole Brooks 0-0: Ground out 6-3 (Groundball, 6, EV 88.1 MPH)
Batting: RHB Jeremy Gregory 0-0: Ball
1-0: Called Strike
1-1: Called Strike
1-2: Fly out, F6 (Popup, 6, EV 80.0 MPH)
Batting: SHB Rusty Torres 0-0: Ball
1-0: Foul Ball, location: 2F
1-1: Ball
2-1: Called Strike
2-2: Foul Ball, location: 2RF
2-2: Strikes out looking
Top of the 9th over - 0 runs, 0 hits, 0 errors, 0 left on base; Rome 9 - Terry's 3
BOTTOM OF THE 9TH
Terry's Bats batting - Pitching for Rome Maelstrom : LHP Jon Burnett
Pitching: RHP Gustavo Córdova
Pinch Hitting: RHB Alex Hastings 0-0: SINGLE (Line Drive, 9LS, EV 85.0 MPH)
Batting: LHB Jim Davis 0-0: Called Strike
0-1: Ball
1-1: Called Strike
1-2: Strikes out swinging
Batting: LHB Dave Wilson 0-0: Swinging Strike
0-1: Ball
1-1: Swinging Strike
1-2: Ball
2-2: Ball
3-2: Foul Ball, location: 7LSF
3-2: Strikes out swinging
Alex Hastings is caught stealing 2nd base 2-6
Batter strikes out.
Bottom of the 9th over - 0 runs, 1 hit, 0 errors, 0 left on base; Rome 9 - Terry's 3
Friday, March 15th , 2024 - OOTP Baseball 24.8 Build 75